AoeStats
← ITA | MarknighT

Arabia

505850476Analyzed
1v1 RM · 22d ago on Sep 11, 2026· 64m 41s· 2 players
Game mode
Random Map
Map size
Tiny (2 player)
Population
200
Speed
Normal
Resources
Standard
Victory
Conquest
Starting age
Dark Age
Ending age
Imperial Age
RankedLock teamsTeams togetherTeam positionsShared explorationLock speedFull tech treeHidden civsTurbo modeCheats
Victory
Defeat
🇹🇷 Slavs · Türkiye
1980
+15
🇮🇹 Huns · Italy
1962
-15
ITA | MarknighT
6:21 Loom
8:57 Feudal Age
9:54 Double-Bit Axe
18:54 Castle Age
17:19 Gold Mining
19:34 Fletching
20:02 Bow Saw
20:15 Bodkin Arrow
22:57 Bloodlines
23:58 Horse Collar
25:52 Husbandry
27:13 Ballistics
30:39 Thumb Ring
33:22 Heavy Plow
34:49 Wheelbarrow
37:11 Scale Barding Armor
37:17 Forging
39:16 Town Watch
46:34 Imperial Age
45:40 Padded Archer Armor
47:24 Bracer
49:00 Chemistry
48:13 Heavy Cavalry Archer
50:28 Hand Cart
52:05 Leather Archer Armor
Eray_
6:56 Loom
9:12 Feudal Age
9:48 Double-Bit Axe
16:28 Bloodlines
17:57 Scale Barding Armor
21:25 Castle Age
20:06 Forging
22:31 Chain Barding Armor
22:49 Husbandry
26:01 Wheelbarrow
25:46 Town Watch
26:24 Horse Collar
34:00 Devotion
43:28 Imperial Age
41:22 Gold Mining
42:57 Gold Shaft Mining
43:10 Light Cavalry
45:05 Conscription
45:53 Iron Casting
46:45 Plate Barding Armor
45:36 Cavalier
51:25 Blast Furnace
50:41 Hussar
53:02 Hand Cart
55:00 Fletching
55:21 Bow Saw
55:12 Heavy Plow
59:24 Padded Archer Armor
60:35 Bodkin Arrow
62:18 Leather Archer Armor
63:04 Two-Man Saw
Connection lost

Rejoining the realm…

Still unreachable

The connection could not be restored.

Session expired

The server has moved on; the page needs a fresh start.